 Dungeon Crawl Stone Soup version 0.18.1-50-g88ac8fd (webtiles) character file.

63793 Amnesiac the Brilliant (level 14, -4/64 HPs)
             Began as a Deep Elf Fighter on Mar 2, 2018.
             Was a High Priest of Pakellas.
             Killed from afar by a wretched star (14 damage)
             ... with an orb of energy
             ... on level 3 of the Abyss.
             The game lasted 01:26:20 (25037 turns).

Amnesiac the Brilliant (Deep Elf Fighter)          Turns: 25037, Time: 01:26:20

Health: -4/64      AC: 16    Str: 18      XL:     14   Next: 69%
Magic:  3/31       EV:  9    Int: 15      God:    Pakellas [*****.]
Gold:   1251       SH: 12    Dex: 10 (12) Spells: 2 memorised, 8 levels left

rFire  + . .     SeeInvis +     a - +2 dagger (venom)
rCold  . . .     Gourm    .     m - +0 plate armour
rNeg   . . .     Faith    .     c - +0 shield
rPois  +         Spirit   .     K - +2 helmet
rElec  .         Dismiss  .     z - +2 cloak {rPois}
rCorr  .         Reflect  +     U - +0 pair of gloves "Ockeipp" {rC+ Str+5 Int+4}
SustAt .         Harm     .     n - +0 pair of boots of Grace {MP+9 SInv}
MR     +....     Rnd*Rage +     R - +2 amulet of reflection
Stlth  .......... Rnd*Tele +    E - ring of fire
                                N - +4 ring of evasion

@: somewhat resistant to hostile enchantments, extremely unstealthy
A: thin skeletal structure 1, berserk 1, blurry vision 3, clumsy 2, deformed
body, deterioration 2, dopey 2, frail 2, low mp 3, poison resistance,
teleportitis 2, weak 2
a: Quick Charge, Device Surge, Renounce Religion


You were on level 3 of the Abyss.
You worshipped Pakellas.
Pakellas was extremely pleased with you.
You were not hungry.

You visited 4 branches of the dungeon, and saw 19 of its levels.
You visited the Abyss 1 time.
You also visited: Labyrinth and Ice Cave.

You collected 1935 gold pieces.
You spent 684 gold pieces at shops.

Inventory:

Hand Weapons
 a - a +2 dagger of venom (weapon)
 e - a +3 blowgun
 O - a +0 dagger of distortion
 W - a +4 scimitar of flaming
Missiles
 d - 483 stones (quivered)
 p - 52 poisoned needles
 q - 97 sling bullets
 Q - 5 needles of frenzy
Armour
 c - a +0 shield (worn)
 m - a +0 plate armour (worn)
 n - the +0 pair of boots of Grace (worn) {MP+9 SInv}
   (You bought it in a shop on level 2 of the Orcish Mines)

   It affects your magic capacity (+9).
   It lets you see invisible.
 u - a +0 helmet of see invisible
 z - a +2 cloak of poison resistance (worn)
 K - a +2 helmet (worn)
 U - the +0 pair of gloves "Ockeipp" (worn) {rC+ Str+5 Int+4}
   (You found it in a labyrinth)

   It affects your strength (+5).
   It affects your intelligence (+4).
   It protects you from cold.
Rods
 b - a +4 lightning rod (10/10)
   (Pakellas gifted it to you on level 11 of the Dungeon)
Jewellery
 g - an uncursed ring of protection from magic
 i - an uncursed ring of resist corrosion
 o - an uncursed ring of see invisible
 E - a ring of fire (right hand)
 G - an uncursed ring of ice
 N - a +4 ring of evasion (left hand)
 R - a +2 amulet of reflection (around neck)
Wands
 s - a wand of disintegration (0/24)
 y - a wand of enslavement (0/24)
 C - a wand of paralysis (3/24)
 S - a wand of digging (13/24)
 T - a wand of acid (0/15)
 V - a wand of confusion (0/48)
 Y - a wand of iceblast (0/15)
Scrolls
 h - a scroll of blinking {!r}
 r - 2 scrolls of fear {!r}
 w - a scroll of recharging {!r}
 A - 4 scrolls of magic mapping {!r}
 H - 4 scrolls of remove curse {!r}
 J - a scroll of vulnerability {!r}
 P - 5 scrolls of identify {!r}
 X - a scroll of amnesia {!r}
Potions
 k - 2 potions of heal wounds {!q}
 l - 5 potions of haste {!q}
 v - 2 potions of cure mutation {!q}
 x - a potion of flight {!q}
 B - a potion of might {!q}
 D - a potion of brilliance {!q}
 F - 2 potions of magic {!q}
 M - a potion of cancellation {!q}
 Z - a potion of berserk rage {!q}
Miscellaneous
 L - a phial of floods (inert)
Comestibles
 f - 8 bread rations
 j - 16 meat rations
 t - 3 beef jerkies
 I - 10 slices of pizza


   Skills:
 - Level 6.0 Fighting
 - Level 8.0 Short Blades
 - Level 6.0 Armour
 - Level 6.0 Dodging
 - Level 6.0 Stealth
 - Level 6.0 Shields
 + Level 21.2 Evocations


You had 8 spell levels left.
You knew the following spells:

 Your Spells              Type           Power        Failure   Level  Hunger
a - Sticks to Snakes      Trmt           #.......     100%        2    ###....
s - Conjure Flame         Conj/Fire      #.......     100%        3    ####...


Dungeon Overview and Level Annotations

Branches:
Dungeon (15/15)            Temple (1/1) D:5            Lair (0/8) D:11
    Orc (2/2) D:11            Elf (1/3) Orc:2        Vaults (0/5) D:14
 Depths (0/5) D:15

Altars:
Ashenzari
Cheibriados
Gozag
Kikubaaqudgha
Makhleb
Nemelex Xobeh
Okawaru
Pakellas
Qazlal
Ru
Sif Muna
Trog
Vehumet
Xom
The Shining One
Beogh

Shops:
D:4 (   D:14 (   Orc:2 =[}*(

Portals:
Trove: D:12 (give 12 potions of heal wounds)


Innate Abilities, Weirdness & Mutations

You have a somewhat thin skeletal structure (Dex +2, Stealth).
You tend to lose your temper in combat.
Your system is resistant to poisons.
[Scrolls take you much longer to read.]
[You are very clumsy. (Dex -4)]
[Armour fits poorly on your strangely shaped body.]
[Your body often deteriorates upon taking damage.]
[You are very dopey. (Int -4)]
[You are very frail (-20% HP).]
[Your magical capacity is extremely low (-30% MP).]
[You are sometimes teleported next to monsters.]
[You are very weak. (Str -4)]


Message History

The helpless ynoxinul fails to defend itself.
You skewer the ynoxinul like a kebab!!!
You kill the ynoxinul!
Pakellas accepts your kill.
You feel your power returning.
Evoke which item? (* to show all) (? for menu, Esc to quit)
Zapping:
C - a wand of paralysis (6/24)
Press: ? - help, Shift-Dir - straight line, f - sixfirhy
Aim: a sixfirhy (chance to defeat MR: 47%)
The sixfirhy resists with some effort.
This wand has 5 charges left.
You block the sixfirhy's attack.
Evoke which item? (* to show all) (? for menu, Esc to quit)
Zapping:
C - a wand of paralysis (5/24)
Press: ? - help, Shift-Dir - straight line, f/p - sixfirhy
Aim: a sixfirhy (chance to defeat MR: 47%)
The sixfirhy suddenly stops moving!
This wand has 4 charges left.
The helpless sixfirhy fails to defend itself.
You stick the sixfirhy like a pincushion!!!
You kill the sixfirhy!
Pakellas accepts your kill.
You feel your power returning.
Evoke which item? (* to show all) (? for menu, Esc to quit)
Zapping:
C - a wand of paralysis (4/24)
Press: ? - help, Shift-Dir - straight line, f - large abomination
Aim: a large abomination (chance to defeat MR: 16%)
The large abomination resists with almost no effort.
This wand has 3 charges left.
The large abomination hits you but does no damage.
The large abomination hits you!
A white imp comes into view.
Evoke which item? (* to show all) (? for menu, Esc to quit)
Okay, then.
A starcursed mass and a wretched star come into view.
The white imp shouts, "Surrender, thou grime-gilt common-kissing joithead!"
The wretched star pulses with an eldritch light!
You feel less energetic.
You feel weirdly uncertain.
You feel even more weirdly uncertain.
The starcursed mass shrieks in your mind.
You block the large abomination's attack.
The large abomination barely misses you.
The eye of draining turns its gaze towards you.
Tentacles burst from the starspawn's body! 2 starspawn tentacles come into view.
The ynoxinul bellows!
The white imp gestures at you. The puff of frost hits you!
The wretched star glows turbulently.
The orb of energy hits the eye of draining.
You block the tentacled starspawn's attack.
The tentacled starspawn completely misses you.
The white imp gestures at you. The puff of frost hits you!
You block the tentacled starspawn's attack. x2
The tentacled starspawn bites you!!
* * * LOW HITPOINT WARNING * * *
The tentacled starspawn engulfs you.
* * * LOW HITPOINT WARNING * * *
The eye of draining gazes at you.
You feel your power leaking away.
A wretched star comes into view.
The wretched star glows turbulently.
The orb of energy hits you!
You die...
Pakellas says: Time to start the next experiment...

..# . # . #...
# . ### . ..X
. ##.*#. .. #
#G. ####..#..
. .
#.##.#.@#.#...
#
..##...X##..#
.. #
#.##.....# . #
. #.G..#.# . #
###.# ...#
#..###.#
#.#X.##..
##.##*.#..
##... .......


You could see a tentacled starspawn and a wretched star.

Vanquished Creatures
  Saint Roka (Orc:1)
  Maud (D:14)
  A black draconian (Abyss:3)
  A minotaur (Lab)
  A yaktaur captain (D:14)
  The ghost of magog001 the Protected, a journeyman MiFi (D:9)
  Fannar (D:10)
  2 hydras
  5 centaur warriors
  A death knight (D:11)
  2 ogre magi (D:15)
  A tengu warrior (D:13)
  The ghost of Amnesiac the Cardsharp, a journeyman DEFi of Nemelex Xobeh (D:15)
  Urug (Orc:1)
  An orc high priest (Orc:2)
  A deep elf knight (Elf:1)
  Nergalle (Orc:2)
  3 unseen horrors
  A wizard (D:15)
  6 hill giants
  A necromancer (D:15)
  The ghost of Amnesiac the Prestidigitator, a novice DEFi (D:7)
  3 deep elf magi
  7 ugly things
  4 orc knights
  Pikel (D:5)
  A griffon (D:15)
  2 worldbinders (Abyss:3)
  6 orc sorcerers
  Maurice (D:10)
  The ghost of Amnesiac the Prestidigitator, a novice DEFi (D:6)
  2 cyclopes
  2 sixfirhies (Abyss:3)
  A naga mage (D:15)
  3 ice statues (IceCv)
  A gargoyle (D:13)
  2 centaur skeletons (D:15)
  An efreet (Abyss:3)
  A komodo dragon (D:13)
  A freezing wraith (D:15)
  A tengu conjurer (D:13)
  5 yaktaurs
  6 trolls
  5 two-headed ogres
  3 slime creatures (D:15)
  A raiju (shapeshifter) (D:13)
  A ynoxinul (Abyss:3)
  4 wyverns
  18 yaks
  4 hungry ghosts
  A human (D:8)
  A small abomination (Abyss:3)
  A hippogriff (D:7)
  A wraith (D:14)
  A warg (Orc:1)
  2 water moccasins
  A large abomination (Abyss:3)
  A black bear (shapeshifter) (D:13)
  16 ice beasts
  3 phantoms
  29 orc warriors
  3 sky beasts
  3 wasps
  18 ogres
  21 centaurs
  4 crocodiles
  4 big kobolds
  An earth elemental (Lab)
  7 giant frogs
  2 scorpions
  A wyvern skeleton (D:14)
  13 killer bees
  8 wights
  5 howler monkeys
  7 crimson imps
  A giant frog zombie (D:6)
  7 centaur zombies
  13 hounds
  2 jellies
  6 giant frog skeletons
  14 orc priests
  19 orc wizards
  Ijyb (D:2)
  2 iguanas
  12 worker ants
  A killer bee zombie (D:5)
  2 hound skeletons
  A worker ant zombie (D:8)
  3 gnolls (D:10)
  A howler monkey skeleton (D:7)
  10 adders
  A shadow imp (D:8)
  2 white imps (Abyss:3)
  An adder zombie (D:8)
  An adder skeleton (D:4)
  A dart slug (D:1)
  5 worms
  6 giant geckos
  59 orcs
  4 giant cockroaches
  4 goblins
  2 hobgoblins (D:3)
  3 jackals (D:6)
  19 kobolds
  4 quokkas
  A ball python (D:6)
  13 bats
  A giant cockroach zombie (D:5)
  9 giant newts
  A quokka zombie (D:8)
  9 rats
518 creatures vanquished.

Vanquished Creatures (collateral kills)
  Frances (D:14)
  Louise (D:15)
  2 two-headed ogres
  A blink frog (Abyss:3)
  An orc warrior (Orc:1)
6 creatures vanquished.

Vanquished Creatures (others)
  A basilisk (D:15)
  A giant frog zombie (D:13)
  An orc priest (Orc:2)
  2 starspawn tentacles (Abyss:3)
5 creatures vanquished.

Grand Total: 529 creatures vanquished

Notes
Turn   | Place    | Note
--------------------------------------------------------------
     0 | D:1      | Amnesiac the Deep Elf Fighter began the quest for the Orb.
     0 | D:1      | Reached XP level 1. HP: 13/13 MP: 3/3
   410 | D:1      | Reached skill level 1 in Dodging
   901 | D:1      | Reached XP level 2. HP: 18/18 MP: 4/4
  1328 | D:2      | Reached XP level 3. HP: 20/22 MP: 5/5
  1611 | D:2      | Found a sacrificial altar of Ru.
  2022 | D:3      | Noticed Ijyb
  2067 | D:2      | Killed Ijyb
  2067 | D:2      | Reached XP level 4. HP: 23/27 MP: 6/6
  2751 | D:3      | Reached XP level 5. HP: 23/32 MP: 7/7
  3040 | D:4      | Found Xuqon Lips's Weapon Shop.
  3331 | D:4      | Reached XP level 6. HP: 21/37 MP: 8/8
  4004 | D:5      | Entered Level 5 of the Dungeon
  4015 | D:5      | Reached skill level 1 in Stealth
  4106 | D:5      | Found an opulent altar of Gozag.
  4106 | D:5      | Found a sparkling altar of Nemelex Xobeh.
  4470 | D:5      | Found a staircase to the Ecumenical Temple.
  4612 | Temple   | Entered the Ecumenical Temple
  4622 | Temple   | Became a worshipper of Pakellas the Inventive
  4768 | D:5      | Reached XP level 7. HP: 28/41 MP: 9/9
  5065 | D:5      | Reached skill level 1 in Evocations
  5100 | D:5      | Reached skill level 2 in Evocations
  5179 | D:5      | Noticed Pikel
  5196 | D:5      | Killed Pikel
  5196 | D:5      | Reached skill level 5 in Evocations
  5196 | D:5      | Reached XP level 8. HP: 39/46 MP: 10/14
  5287 | D:6      | Found an oddly glowing altar of Pakellas.
  5315 | D:6      | Found an ancient bone altar of Kikubaaqudgha.
  5369 | D:6      | Reached skill level 6 in Evocations
  5406 | D:6      | Noticed Amnesiac's ghost (novice DEFi)
  5578 | D:6      | Killed Amnesiac's ghost
  5578 | D:6      | Reached skill level 8 in Evocations
  5711 | D:6      | Reached * piety under Pakellas
  5711 | D:6      | Received a gift from Pakellas
  5730 | D:6      | Reached skill level 9 in Evocations
  6121 | D:6      | Found a glowing golden altar of the Shining One.
  6198 | D:6      | You fall through a shaft for 2 floors!
  6198 | D:8      | Noticed a troll
  6209 | D:8      | Killed a troll
  6209 | D:8      | Reached XP level 9. HP: 24/53 MP: 17/17
  6213 | D:8      | Reached skill level 5 in Fighting
  6471 | D:8      | Found a radiant altar of Vehumet.
  6764 | D:6      | Got a twisted robe
  7158 | D:7      | Found an iron altar of Okawaru.
  7195 | D:7      | Identified the cursed +1 robe of the Harp {rPois rC- rCorr} (You found it on level 6 of the Dungeon)
  7376 | D:7      | Noticed Amnesiac's ghost (novice DEFi)
  7421 | D:7      | Killed Amnesiac's ghost
  7421 | D:7      | Reached skill level 5 in Shields
  7499 | D:7      | Reached ** piety under Pakellas
  7499 | D:7      | Received a gift from Pakellas
  7513 | D:7      | Found a shimmering altar of Xom.
  8352 | D:8      | Reached XP level 10. HP: 60/60 MP: 18/18
  8494 | D:8      | Reached skill level 5 in Armour
  8702 | D:8      | Reached skill level 5 in Dodging
  9448 | D:9      | Noticed magog001's ghost (journeyman MiFi)
  9788 | D:9      | Reached skill level 10 in Evocations
  9894 | D:9      | Reached *** piety under Pakellas
  9894 | D:9      | Received a gift from Pakellas
  9918 | D:9      | Reached skill level 11 in Evocations
  9940 | D:9      | Found a bloodstained altar of Trog.
 10399 | D:9      | Killed magog001's ghost
 10399 | D:9      | Reached XP level 11. HP: 63/64 MP: 4/21
 10632 | D:9      | Found a glowing golden altar of the Shining One.
 10923 | D:9      | Reached skill level 12 in Evocations
 10986 | D:10     | Entered Level 10 of the Dungeon
 11093 | D:10     | Noticed a hill giant
 11102 | D:10     | Killed a hill giant
 11152 | D:10     | Noticed Fannar
 11180 | D:10     | Killed Fannar
 11180 | D:10     | Reached skill level 5 in Short Blades
 11382 | D:10     | Noticed a hill giant
 11488 | D:10     | Killed a hill giant
 11668 | D:10     | Reached **** piety under Pakellas
 11668 | D:10     | Received a gift from Pakellas
 11668 | D:10     | Reached skill level 5 in Stealth
 12111 | D:10     | Noticed Maurice
 12123 | D:10     | Killed Maurice
 12526 | D:11     | Noticed a red ugly thing
 12814 | D:11     | Found a staircase to the Lair.
 12841 | D:11     | Found a staircase to the Orcish Mines.
 12865 | D:11     | Noticed a death knight
 12877 | D:11     | Killed a death knight
 12877 | D:11     | Reached skill level 13 in Evocations
 12956 | D:11     | Noticed a brown ugly thing
 12965 | D:11     | Killed a brown ugly thing
 13128 | D:11     | Gained mutation: [Armour fits poorly on your strangely shaped body.] [mutagenic meat]
 13129 | D:11     | Gained mutation: Your system is resistant to poisons. [mutagenic meat]
 13130 | D:11     | Gained mutation: You have a pair of small horns on your head. [potion of mutation]
 13130 | D:11     | Gained mutation: You are resistant to electric shocks. [potion of mutation]
 13130 | D:11     | Gained mutation: You regenerate slowly when monsters are visible. [potion of mutation]
 13131 | D:11     | Lost mutation: Your system is resistant to poisons. [potion of cure mutation]
 13131 | D:11     | Lost mutation: [Armour fits poorly on your strangely shaped body.] [potion of cure mutation]
 13131 | D:11     | Lost mutation: You have a pair of small horns on your head. [potion of cure mutation]
 13131 | D:11     | Lost mutation: You regenerate slowly when monsters are visible. [potion of cure mutation]
 13131 | D:11     | Lost mutation: You are resistant to electric shocks. [potion of cure mutation]
 13438 | D:11     | Noticed an unseen horror
 13443 | D:11     | Killed an unseen horror
 13491 | D:11     | Reached ***** piety under Pakellas
 13491 | D:11     | Received a gift from Pakellas
 13726 | D:12     | Reached XP level 12. HP: 68/70 MP: 17/23
 13758 | D:12     | Found a labyrinth entrance.
 13830 | Lab      | Entered a labyrinth
 14590 | Lab      | Noticed a minotaur
 14595 | Lab      | Killed a minotaur
 14632 | Lab      | Got a pair of spiked gloves
 14649 | D:12     | Identified the cursed +0 pair of gloves "Ockeipp" {rC+ Str+5 Int+4} (You found it in a labyrinth)
 14655 | D:12     | Learned a level 2 spell: Sticks to Snakes
 14659 | D:12     | Learned a level 3 spell: Conjure Flame
 15111 | D:12     | Found a portal to a secret trove of treasure.
 15182 | D:12     | Gained mutation: You occasionally shout uncontrollably at your foes. [mutagenic meat]
 15183 | D:12     | Gained mutation: Your system is resistant to poisons. [mutagenic meat]
 15184 | D:12     | Gained mutation: Your spells are a little harder to cast, but a little more powerful. [mutagenic meat]
 15185 | D:12     | Gained mutation: You tend to lose your temper in combat. [mutagenic meat]
 15186 | D:12     | Gained mutation: You have a somewhat thin skeletal structure (Dex +2, Stealth). [mutagenic meat]
 15187 | D:12     | Gained mutation: [You are weak. (Str -2)] [mutagenic meat]
 15188 | D:12     | Lost mutation: Your spells are a little harder to cast, but a little more powerful. [potion of cure mutation]
 15188 | D:12     | Lost mutation: [You are weak. (Str -2)] [potion of cure mutation]
 15188 | D:12     | Lost mutation: You occasionally shout uncontrollably at your foes. [potion of cure mutation]
 15324 | D:12     | Noticed a five-headed hydra
 15330 | D:12     | Killed a five-headed hydra
 15330 | D:12     | Reached skill level 14 in Evocations
 15503 | D:13     | Noticed a tengu warrior
 15513 | D:13     | Killed a tengu warrior
 15847 | D:13     | Noticed a centaur warrior
 15881 | D:13     | Killed a centaur warrior
 16063 | D:13     | Noticed a seven-headed hydra
 16071 | D:13     | Killed a seven-headed hydra
 16071 | D:13     | Reached skill level 15 in Evocations
 16346 | D:13     | Found an opulent altar of Gozag.
 16720 | D:14     | Noticed Frances
 16764 | D:14     | Killed Frances
 16764 | D:14     | Reached skill level 16 in Evocations
 16792 | D:14     | Noticed a yaktaur captain
 16998 | D:14     | Killed a yaktaur captain
 17403 | D:14     | Found a gate to the Vaults.
 17602 | D:14     | Reached XP level 13. HP: 74/74 MP: 27/27
 18031 | D:14     | Reached skill level 17 in Evocations
 18047 | D:14     | Noticed Maud
 18081 | D:14     | Killed Maud
 18306 | D:14     | Found Nokkif's Antique Weapon Shoppe.
 18344 | D:15     | Entered Level 15 of the Dungeon
 18597 | D:15     | Found a staircase to the Depths.
 18618 | D:15     | Reached skill level 18 in Evocations
 18740 | D:15     | Found a frozen archway.
 18828 | D:15     | Noticed Amnesiac's ghost (journeyman DEFi)
 18845 | D:15     | Killed Amnesiac's ghost
 18862 | IceCv    | Entered an ice cave
 19310 | IceCv    | Got a dazzling trident
 19321 | IceCv    | Identified the +8 trident of Katedew {drain, *Corrode rPois rF+ rN+} (You found it in an ice cave)
 19525 | D:15     | Reached skill level 19 in Evocations
 19681 | D:15     | Noticed Louise
 19708 | D:15     | Killed Louise
 19970 | D:15     | Reached XP level 14. HP: 69/80 MP: 12/29
 20326 | Orc:1    | Entered Level 1 of the Orcish Mines
 20758 | D:11     | Reached ****** piety under Pakellas
 21464 | Orc:2    | Entered Level 2 of the Orcish Mines
 21852 | Orc:2    | Noticed Nergalle
 21860 | Orc:2    | Killed Nergalle
 21860 | Orc:2    | Reached skill level 20 in Evocations
 21865 | Orc:2    | Noticed Saint Roka
 22143 | Orc:1    | Noticed Urug
 22174 | Orc:1    | Killed Urug
 22520 | Orc:2    | Found Uretakh's Gadget Shoppe.
 23246 | Orc:1    | Killed Saint Roka
 23620 | Orc:2    | Found a roughly hewn altar of Beogh.
 23624 | Orc:2    | Found Anirph's Antique Weapon Shoppe.
 23639 | Orc:2    | HP: 3/80 [orc priest/divine providence (10)]
 23970 | Orc:2    | Bought a runed blowgun for 75 gold pieces
 23982 | Orc:2    | Found Votaolucag's General Store.
 24038 | Orc:2    | Found a staircase to the Elven Halls.
 24353 | Orc:2    | Found Suihy's Antique Armour Shoppe.
 24359 | Orc:2    | Bought a pair of pitted boots for 313 gold pieces
 24364 | Orc:2    | Identified the +0 pair of boots of Grace {MP+9 SInv} (You bought it in a shop on level 2 of the Orcish Mines)
 24364 | Orc:2    | Bought an embroidered cloak for 148 gold pieces
 24375 | Orc:2    | Bought a runed helmet for 148 gold pieces
 24394 | Orc:2    | Found Wuyps's Jewellery Shoppe.
 24453 | Elf:1    | Entered Level 1 of the Elven Halls
 24490 | Elf:1    | Cast into level 3 of the Abyss (a deep elf demonologist)
 24571 | Abyss:3  | Reached skill level 21 in Evocations
 24613 | Abyss:3  | Noticed a tentacled starspawn
 24999 | Abyss:3  | Noticed a tentacled starspawn
 25025 | Abyss:3  | Noticed a starcursed mass
 25037 | Abyss:3  | Killed from afar by a wretched star

Skill      XL: |  1  2  3  4  5  6  7  8  9 10 11 12 13 14 |
---------------+-------------------------------------------+-----
Dodging        | 2 3 4 6 |  6.0
Armour         | 3 4 6 |  6.0
Fighting       | 3 4 6 |  6.0
Shields        | 3 6 |  6.0
Stealth        | 2 6 |  6.0
Short Blades   | 3 4 7 8 |  8.0
Evocations     | 5 9 11 13 16 19 21 | 21.2

Action                   |  1- 3 |  4- 6 |  7- 9 | 10-12 | 13-15 || total
-------------------------+-------+-------+-------+-------+-------++-------
Melee: Rapier            |    98 |   269 |   467 |   906 |       ||  1740
       Unarmed           |       |    14 |       |       |       ||    14
       Dagger            |       |       |       |   503 |   777 ||  1280
Invok: Quick Charge      |       |       |     1 |    13 |    19 ||    33
       Device Surge      |       |       |       |     1 |     5 ||     6
Evoke: Wand              |       |       |    39 |   135 |   161 ||   335
       Phial of floods   |       |       |       |     3 |     3 ||     6
       Phantom mirror    |       |       |       |     1 |       ||     1
       Rod               |       |       |       |       |    34 ||    34
  Use: Potion            |     2 |     2 |     2 |     6 |     9 ||    21
       Scroll            |       |    13 |     1 |    11 |     8 ||    33
 Stab: Paralysed         |       |       |    34 |   109 |    73 ||   216
       Confused          |       |       |    14 |    22 |    19 ||    55
       Petrified         |       |       |       |       |     2 ||     2
       Invisible         |       |       |       |       |     1 ||     1
  Eat: Chunk             |     3 |    10 |    12 |    40 |    21 ||    86
       Royal jelly       |       |       |       |     2 |       ||     2
       Beef jerky        |       |       |       |     4 |       ||     4
       Bread ration      |       |       |       |     1 |     3 ||     4
Armor: Scale mail        |    26 |    10 |       |       |       ||    36
       Plate armour      |       |   173 |   248 |   540 |   243 ||  1204
       Skin              |       |    11 |       |       |       ||    11
Dodge: Dodged            |    23 |    55 |    55 |   243 |   280 ||   656
Block: Shield            |    30 |   147 |   178 |   581 |   436 ||  1372
       Reflection        |       |       |       |       |     9 ||     9
